Unix NetHack Version 5.0.0-0 post-release - last build May  3 2026 23:40:34 (9823c992c0763bbd039eca2974112f46eaf799b3,branch:main).

Game began 2026-05-04 14:37:17, ended 2026-05-04 15:39:58.

BilldaCat, neutral male human Wizard

                                 -------
                                 |.....+
                                 |.....|                        ----------
                                 |...{.-#                 #     |........|
                                 ---.---#               #####   |.....<..|
                                    e   #           ##### ##    |....{...|
                                    @   #            #     #####-........|
                                   h #######         #          |........|
                                          #          #          ----------
                                          #   -------.---
                                          #   |.....>...|
                                          ####..........|
                                              |.........|
                                              |.........|
                                              |.........|
                                              -----------

BilldaCat the Thaumaturge  St:8 Dx:13 Co:16 In:18 Wi:13 Ch:16  Neutral
Dlvl:7  $:4894 HP:0(76) Pw:37(84) AC:10 Xp:9 T:8320 

Latest messages:
 The ice vortex engulfs you!
 You are freezing to death!
 In what direction? 6
 The magic missile rips into the ice vortex!
 You are freezing to death!
 You are freezing to death!
 In what direction? 6
 The spell hits the ice vortex!
 You destroy the ice vortex!
 Welcome to experience level 9.
 Where do you want to travel to?
 (For instructions type a '?')
 You descend the stairs.
 The door opens.
 You hear a door open.
 The 'g' prefix should be followed by a movement command.
 $ - 10 gold pieces (4894 in total).
 This door is locked.
 Unlock it with your lock pick? [ynq] (q) y
 You succeed in picking the lock.
 KABOOM!!  The door was booby-trapped!
 You stagger...
 You feel a bit steadier now.
 The door opens.
 You are carrying too much to get through.
 You are carrying too much to get through.
 You hear bubbling water.
 You stop searching.
 You hit the floating eye.
 You are frozen by the floating eye's gaze!
 The bugbear hits!
 The bugbear hits!
 The bugbear hits!
 The bugbear hits!
 The bugbear hits!
 The bugbear hits!
 The bugbear hits!
 The bugbear hits!
 The bugbear hits!
 The bugbear hits!
 The bugbear hits!
 The bugbear hits!
 The bugbear hits!
 You hear a door open.
 The bugbear hits!
 The bugbear hits!
 The bugbear hits!
 You die...
 Do you want your possessions identified? [ynq] (y) y
 Do you want to see your attributes? [ynq] (y) q

Inventory:
 Coins    ('$')
  $ - 4894 gold pieces
 Weapons  (')')
  a - a blessed +1 quarterstaff (weapon in hands)
 Armor    ('[')
  i - an uncursed +0 pair of levitation boots
  Z - an uncursed thoroughly burnt thoroughly rotted +0 cloak of magic resistance (being worn)
 Scrolls  ('?')
  o - 3 uncursed scrolls of blank paper
  X - 2 cursed scrolls of blank paper
  U - a blessed scroll of earth
  V - an uncursed scroll of earth
  j - 2 uncursed scrolls of enchant armor
  t - a cursed scroll of enchant armor
  A - an uncursed scroll of enchant weapon
  O - an uncursed scroll of magic mapping
 Spellbooks  ('+')
  v - an uncursed spellbook of detect unseen
  D - an uncursed spellbook of magic missile
  z - an uncursed spellbook of stone to flesh
 Potions  ('!')
  Q - an uncursed potion of confusion
  Y - an uncursed potion of hallucination
  n - an uncursed potion of monster detection
  T - a cursed potion of object detection
  s - an uncursed potion of see invisible
  g - an uncursed potion of sleeping
  l - a potion of unholy water
 Rings    ('=')
  d - an uncursed +3 ring of adornment (on left hand)
  R - a cursed ring of aggravate monster
  S - an uncursed ring of conflict
  H - a blessed +1 ring of gain constitution
  q - a cursed +1 ring of increase accuracy
  p - an uncursed ring of searching
  e - an uncursed ring of shock resistance (on right hand)
  E - an uncursed ring of slow digestion
  I - an uncursed ring of stealth
 Wands    ('/')
  C - a wand of digging (0:8)
  M - a wand of digging (0:3)
  h - a wand of lightning (0:2)
  f - a wand of magic missile (0:4)
  r - a wand of polymorph (0:6)
  c - a wand of polymorph (0:5)
  G - a wand of secret door detection (0:11)
  L - a wand of speed monster (0:0)
  F - a wand of undead turning (0:6)
 Tools    ('(')
  b - an uncursed bag of holding containing 1 item
  B - an empty uncursed sack
  K - an uncursed leather drum
  k - an uncursed lock pick
  m - a magic marker (0:19)
  w - an uncursed magic whistle
 Gems/Stones  ('*')
  y - an uncursed jasper stone
  u - 2 uncursed obsidian stones
  x - an uncursed worthless piece of orange glass

Contents of the bag of holding:
  a cursed potion of see invisible

BilldaCat the Wizard's attributes:

Background:
 You were a Thaumaturge, a level 9 male human Wizard.
 You were neutral, on a mission for Thoth
 who was opposed by Ptah (lawful) and Anhur (chaotic).
 You were right-handed.
 You were in the Dungeons of Doom, on level 7.
 You entered the dungeon 8320 turns ago.
 There was a full moon in effect when your adventure ended.
 You had 2585 experience points, 2535 more were needed to attain level 10.

Basics:
 You had 0 out of 76 hit points.
 You had 37 out of 84 energy points (spell power).
 Your armor class was 10.
 Your wallet contained 4894 zorkmids.
 Autopickup was on for '$"?!/=' plus thrown, with exceptions.

Final Characteristics:
 Your strength was 8 (peak:10, limit:18/100).
 Your dexterity was 13 (limit:18).
 Your constitution was 16 (limit:18).
 Your intelligence was 18 (limit:18).
 Your wisdom was 13 (limit:18).
 Your charisma was 16 (base:13, limit:18).

Final Status:
 You weren't hungry.
 You were unencumbered.
 You were wielding a quarterstaff.
 You had basic skill with quarterstaff and could have enhanced that.

Final Attributes:
 You were piously aligned.
 You were magic-protected.
 You were shock resistant.
 Your items were protected from electric shocks.
 You were poison resistant.
 You were more charismatic.
 You were warded.
 You were lucky.
 You are dead.

Miscellaneous:
 You didn't encounter any bones levels.
 Total elapsed playing time was 57 minutes and 35 seconds.

Major events:
 Turn
    1: BilldaCat the neutral male human Wizard entered the dungeon
  466: entered the Gnomish Mines
 1042: attained the rank of Conjurer (level 3)
 1984: attained the rank of Thaumaturge (level 6)
 2018: reached Mine Town
 2679: entered Sokoban
 2935: completed 1st Sokoban level
 3525: completed 2nd Sokoban level
 3918: completed 3rd Sokoban level
 4847: completed 4th Sokoban level
 7172: acquired the Sokoban bag of holding
 8320: killed by a bugbear, while frozen by a floating eye's gaze

Spells:
 Name                 Level Category     Fail Retention
 force bolt             1   attack         0%   56%-60%
 cure blindness         2   healing        0%   51%-75%
 magic missile          2   attack         0%   61%-65%

Skills:
 Fighting Skills
   bare handed combat [Unskilled]
   riding             [Unskilled]
 Weapon Skills
   dagger             [Unskilled]
   knife              [Unskilled]
   axe                [Unskilled]
   short sword        [Unskilled]
   club               [Unskilled]
   mace               [Unskilled]
   quarterstaff       [Basic]
   polearms           [Unskilled]
   spear              [Unskilled]
   trident            [Unskilled]
   sling              [Unskilled]
   dart               [Unskilled]
   shuriken           [Unskilled]
 Spellcasting Skills
   attack spells      [Skilled]
   healing spells     [Unskilled]
   divination spells  [Unskilled]
   enchantment spells [Basic]
   clerical spells    [Unskilled]
   escape spells      [Unskilled]
   matter spells      [Unskilled]

Voluntary challenges:
 Character rerolling was not enabled.
 You never genocided any monsters.
 You never changed form.
 You used no wishes.
 You did not violate any of the special Sokoban rules.
Achievements:
 You entered the Gnomish Mines.
 You attained the rank of Conjurer.
 You attained the rank of Thaumaturge.
 You entered Minetown.
 You entered Sokoban.
 You completed Sokoban.

 The Dungeons of Doom: levels 1 to 7
    Level 1:
       A fountain.
    Level 2:
       A sink.
    Level 3:
       An altar to Thoth, many fountains, a sink.
       Stairs down to The Gnomish Mines.
    Level 4:
       A fountain.
    Level 5:
       Many fountains.
    Level 6:
       Stairs up to Sokoban, level 5.
    Level 7: <- You were here.
       Some fountains.
       Final resting place for
          you, killed by a bugbear, while frozen by a floating eye's gaze.
 The Gnomish Mines: levels 4 to 7
    Level 4:
    Level 5:
    Level 6:
    Level 7:
 Sokoban: levels 5 up to 2
    Level 2:
       Solved.
    Level 3:
       Solved.
    Level 4:
       Solved.
    Level 5:
       Solved.


Vanquished creatures:
  a giant mimic
  a stalker
  a large cat
  a tiger
  a leocrotta
  a red naga
  a leather golem
  a chameleon
  2 crocodiles
  a quivering blob
  a cockatrice
  a winter wolf cub
  4 gremlins
  2 iron piercers
 an ice vortex
  3 black lights
  a forest centaur
 an ogre
  a brown pudding
  a yeti
  a gold golem
  a werewolf
  a Green-elf
  a lizard
  a housecat
  a jaguar
  a dwarf leader
  a dust vortex
  a raven
  2 gnome mummies
  a snake
  a rope golem
  2 soldier ants
 an imp
  2 water nymphs
  a mountain nymph
  8 Mordor orcs
 an orc shaman
  a rock piercer
  a pony
  a yellow light
  2 shriekers
  4 gnome leaders
  a straw golem
  a paper golem
  5 giant ants
  a little dog
  a floating eye
  8 dwarves
  a homunculus
  2 hill orcs
  a rothe
  2 rabid rats
  a giant bat
  6 orc zombies
  6 dwarf zombies
  2 wererats
  2 werejackals
  4 iguanas
  8 killer bees
 an acid blob
  5 coyotes
  2 gas spores
  3 hobbits
  3 hobgoblins
  a brown mold
  3 yellow molds
 27 gnomes
  2 gnome zombies
  6 geckos
 12 jackals
  a kobold
  2 goblins
  7 grid bugs
  2 lichens
  a kobold zombie
 11 newts
205 creatures vanquished.

No species were genocided or became extinct.

Game over:
                       ----------
                      /          \
                     /    REST    \
                    /      IN      \
                   /     PEACE      \
                  /                  \
                  |    BilldaCat     |
                  |     4894 Au      |
                  |   killed by a    |
                  |     bugbear      |
                  |                  |
                  |                  |
                  |       2026       |
                 *|     *  *  *      | *
        _________)/\\_//(\/(/\)/\//\/|_)_______

Goodbye BilldaCat the Wizard...

You died in The Dungeons of Doom on dungeon level 7 with 15065 points,
and 4894 pieces of gold, after 8320 moves.
You were level 9 with a maximum of 76 hit points when you died.

